Map: King Sejong Station LE

Players

Phi

  • Race: Protoss Protoss

A.I. 1 (Very Easy) - Winner!

  • Race: Terran Terran

VOD

Have the link to the VOD?

Description

Time

  • Played on: Sept. 24, 2016, 10:21 p.m.
  • Length: 5:09
Show
View Real Time Build Order
Export as new Build Order

Phi Protoss 

Build Orders: Nexus First 

Get SALT Encoding   

  12  0:01  Probe (Chrono Boost)  
  13  0:11  Probe (Chrono Boost)  
  14  0:18  Pylon  
  14  0:22  Probe (Chrono Boost)  
  15  0:37  Probe (Chrono Boost)  
  16  0:55  Nexus  
  16  1:05  Gateway  
  16  1:10  Probe (Chrono Boost)  
  17  1:14  Assimilator  
  17  1:20  Probe (Chrono Boost)  
  18  1:26  Assimilator  
  18  1:31  Probe (Chrono Boost)  
  19  1:41  Gateway  
  19  1:42  Probe (Chrono Boost)  
  20  1:52  Probe (Chrono Boost)  
  21  1:57  Cybernetics Core  
  21  2:03  Probe (Chrono Boost)  
  21  2:08  Probe (Chrono Boost)  
  23  2:13  Probe (Chrono Boost)  
  24  2:19  Pylon  
  24  2:21  Probe (Chrono Boost)  
  25  2:27  Probe (Chrono Boost)  
  26  2:31  Adept  
  26  2:32  Adept  
  30  2:37  Warp Gate  
  30  2:41  Probe (Chrono Boost)  
  30  2:44  Probe (Chrono Boost)  
  32  2:54  Mothership Core (Chrono Boost)  
  34  3:01  Robotics Facility  
  34  3:04  Probe (Chrono Boost)  
  35  3:12  Probe (Chrono Boost), Stalker  
  38  3:16  Stalker  
  38  3:19  Probe (Chrono Boost)  
  41  3:32  Pylon  
  41  3:33  Probe x2 (Chrono Boost)  
  43  3:42  Stalker  
  43  3:48  Observer  
  46  3:49  Stalker  
  48  3:57  Probe (Chrono Boost), Twilight Council  
  48  3:58  Probe (Chrono Boost)  
  48  4:08  Probe x2 (Chrono Boost)  
  48  4:09  Warp Prism  
  48  4:13  Pylon  
  48  4:15  Assimilator  
  50  4:17  Assimilator  
  50  4:18  Probe (Chrono Boost)  
  50  4:19  Probe (Chrono Boost)  
  52  4:32  Probe x2 (Chrono Boost)  
  54  4:48  Probe x2 (Chrono Boost)  
  60  5:02  Stalker  
Show
View Real Time Build Order
Export as new Build Order

A.I. 1 (Very Easy) Terran - Winner!

Build Orders:  

Get SALT Encoding   

  12  0:00  SCV  
  13  0:13  SCV  
  14  0:18  Supply Depot  
  14  0:36  Refinery  
  14  0:43  Barracks  
  14  1:04  Supply Depot  
  14  1:13  Refinery  
  14  1:30  Marine  
  14  1:31  Orbital Command  
  15  1:57  SCV  
  16  2:09  SCV  
  16  2:12  Barracks Tech Lab  
  17  2:21  SCV  
  18  2:31  Marauder  
  18  2:33  SCV  
  21  2:45  SCV  
  22  2:57  SCV  
  23  3:12  Marine  
  24  3:57  Marine  
  23  4:40  Marine  
Tags
 
Add a new tag
Caveats
  • Supply blocks, unpowered buildings, or Contaminate may cause inaccurate times.
  • Supply counts are checked every 10 seconds.